 Dungeon Crawl Stone Soup version 0.22-a0-553-g9358b0b (webtiles) character file.

212 inc the Chiller (level 5, -3/31 HPs)
             Began as an Octopode Ice Elementalist on June 25, 2018.
             Slain by Sigmund
             ... wielding a cursed -3 scythe
              (12 damage)
             ... on level 3 of the Dungeon.
             The game lasted 00:04:26 (3263 turns).

inc the Chiller (Octopode Ice Elementalist)         Turns: 3263, Time: 00:04:27

Health: -3/31      AC:  1    Str: 12 (13) XL:     5   Next: 90%
Magic:  1/8        EV: 13    Int: 16 (18) God:
Gold:   106        SH:  0    Dex: 11 (12) Spells: 0/8 levels left

rFire    . . .     SeeInvis .   a - +1 short sword (venom)
rCold    . . .     Gourm    .   (no shield)
rNeg     . . .     Faith    .   (helmet restricted)
rPois    .         Spirit   .   (no amulet)
rElec    .         Reflect  .   (no ring)
rCorr    .         Harm     .   (no ring)
MR       .....                  (no ring)
Stlth    +++.......             (no ring)
HPRegen  0.10/turn              (no ring)
MPRegen  0.11/turn              (no ring)
                                (no ring)
                                (no ring)

@: mighty, very slightly contaminated
A: almost no armour, stealthy swim, amphibious, 8 rings, constrict 8, camouflage
1, gelatinous body 1
a: no special abilities


You were on level 3 of the Dungeon.
You were hungry.

You visited 1 branch of the dungeon, and saw 3 of its levels.

You collected 106 gold pieces.

Inventory:

Hand Weapons
 a - a +1 short sword of venom (weapon)
Scrolls
 c - a scroll of random uselessness {unknown}
 d - a scroll of remove curse {unknown}
 e - a scroll of enchant weapon {unknown}
 f - 2 scrolls of identify {unknown}
 k - a scroll of fear {unknown}
 l - a scroll of noise {unknown}
Potions
 i - a potion of might
Comestibles
 b - 5 rations


   Skills:
 - Level 2.0 Dodging
 - Level 2.6 Stealth
 - Level 2.0 Spellcasting
   Level 1.0 Conjurations
 + Level 3.6 Summonings
 - Level 5.0 Ice Magic


You couldn't memorise any spells.
You knew the following spells:

 Your Spells              Type           Power        Failure   Level  Hunger
a - Freeze                Ice            ###.         2%          1    #......
b - Ozocubu's Armour      Chrm/Ice       #.......     22%         3    ###....
c - Summon Ice Beast      Ice/Summ       ###.....     34%         4    #####..

Your spell library contained the following spells:

 Spells                   Type           Power        Failure   Level  Hunger
 Throw Frost              Conj/Ice       ##....       9%          2    ###....
 Throw Icicle             Conj/Ice       ##......     52%         4    #####..


Dungeon Overview and Level Annotations

Branches:
Dungeon (3/15)

Altars:

Annotations:
D:3 Sigmund


Innate Abilities, Weirdness & Mutations

You cannot wear most types of armour.
You are very stealthy in the water. (Stealth+)
You are amphibious.
You can wear up to eight rings at the same time.
You can use your tentacles to constrict eight enemies at once.
Your skin changes colour to match your surroundings (Stealth+).
Your rubbery body absorbs attacks. (AC +1, EV +1)


Message History

Deactivating autopickup; reactivate with Ctrl-A.
You hear some strange, mumbled words.
Something tries to affect you, but you resist.
You hit something. Something hits you!
Unknown command.
It was a potion of might.
You feel very mighty all of a sudden.
It was a potion of curing.
You feel better. Something hits you.
You miss something. Something barely misses you.
You hit something. You closely miss something.
You hear some strange, mumbled words.
A puff of flame appears from out of thin air!
The puff of flame hits you!
* * * LOW HITPOINT WARNING * * *
It was a potion of degeneration.
There was something very wrong with that liquid.
You feel weakened.
You feel dopey.
You feel clumsy. Something hits you!
You die...

####### #. ### ....... #.
#.. ..$.... .. #.#
.@..... #' #.#
.....!...#.########## #.#
........##..........#
#.##.#......#...Y.......#
.....#......#..{@.......#
#.#### #................#
#.# #.(.............#
..#######.#)............#
........................#
#........#.........######
...................#
###......##........#
###................#


You could see a friendly ice beast.

Vanquished Creatures
  A bullfrog (D:3)
  Natasha (twice) (D:2)
  A worker ant (D:2)
  A gnoll (D:3)
  An adder (D:2)
  An ooze (D:2)
  3 worms
  A dart slug (D:2)
  3 bats (D:1)
  2 giant cockroaches
  8 goblins
  3 hobgoblins
  2 jackals (D:2)
  2 quokkas (D:2)
  5 frilled lizards
  7 kobolds
  5 rats
48 creatures vanquished.

Notes
Turn   | Place    | Note
-------+----------+-------------------------------------------
     0 | D:1      | inc the Octopode Ice Elementalist began the quest for the Orb.
     0 | D:1      | Reached XP level 1. HP: 11/11 MP: 3/3
   441 | D:1      | Reached XP level 2. HP: 17/17 MP: 5/5
  1055 | D:2      | Reached skill level 4 in Ice Magic
  1055 | D:2      | Reached XP level 3. HP: 11/21 MP: 6/6
  1409 | D:2      | Noticed Natasha
  1416 | D:2      | Killed Natasha
  1416 | D:2      | Reached skill level 5 in Ice Magic
  1416 | D:2      | Reached XP level 4. HP: 20/27 MP: 7/7
  1434 | D:1      | Learned a level 4 spell: Summon Ice Beast
  1943 | D:2      | Reached skill level 1 in Summonings
  2112 | D:2      | Noticed Natasha
  2153 | D:2      | Killed Natasha
  2153 | D:2      | Reached XP level 5. HP: 13/31 MP: 4/8
  2679 | D:3      | Noticed Sigmund
  2857 | D:3      | Learned a level 3 spell: Ozocubu's Armour
  3263 | D:3      | Slain by Sigmund

Vault maps used:
D:1:      evilmike_arrival_run_for_it
D:2:      kennysheep_the_goblin_king, uniq_natasha
D:3:      first_ration, uniq_sigmund

Skill      XL: |  1  2  3  4  5 |
---------------+----------------+-----
Ice Magic      | 4 5 |  5.0
Summonings     | 2 3 |  3.6
Dodging        | |  2.0
Stealth        | |  2.6
Spellcasting   | |  2.0
Conjurations   | |  1.0

Action                   |  1- 3 |  4- 6 || total
-------------------------+-------+-------++-------
Melee: Unarmed           |    13 |       ||    13
       Constrict         |    12 |    20 ||    32
       Short sword       |    35 |    56 ||    91
       Tentacles         |     8 |    12 ||    20
 Cast: Freeze            |     2 |    10 ||    12
       Summon Ice Beast  |       |     1 ||     1
  Use: Potion            |       |     3 ||     3
 Stab: Sleeping          |     7 |     1 ||     8
       Distracted        |     1 |       ||     1
  Eat: Chunk             |     1 |     6 ||     7
Armor: Skin              |     5 |     3 ||     8
Dodge: Dodged            |    32 |    32 ||    64

Table legend:
 A = Spawn XP
 B = Non-spawn XP
 C = Spawn XP percentage of total XP
 D = Spawn monster count
 E = Non-spawn monster count
 F = Spawn count percentage of total count
 G = Total turns spent on level
                    A         B        C        D         E        F      G
               +---------+---------+-------+---------+---------+-------+---------
         Total |       0 |     304 |   0.0 |       0 |      48 |   0.0 |  3263
               +---------+---------+-------+---------+---------+-------+---------
           D:1 |       0 |      20 |   0.0 |       0 |      12 |   0.0 |  1094
           D:2 |       0 |     168 |   0.0 |       0 |      27 |   0.0 |  1539
           D:3 |       0 |     116 |   0.0 |       0 |       9 |   0.0 |   630
               +---------+---------+-------+---------+---------+-------+---------
